PA
PHOENIX HOTSPUR U-21 @ GRIM REAPERS
08/31/2022
 
TOP OF THE 1ST
Phoenix Hotspur U-21 batting - Pitching for Grim Reapers : RHP José Morales
Pitching: RHP José Morales
Batting: RHB Wilson Castillo 0-0: Called Strike
0-1: Foul Ball, location: 2F
0-2: SINGLE (Popup, 9S)
Batting: RHB Shohei Kiyomizu 0-0: Foul Ball, location: 2F
0-1: Foul Ball, location: 2F
0-2: Ball
1-2: Ball
2-2: Grounds into double play, 5-4-3 (Groundball, 5)
Batting: LHB Shojiro Ueda 0-0: Called Strike
0-1: Ball
1-1: Ground out 6-3 (Groundball, 56)
Top of the 1st over - 0 run(s), 1 hit(s), 0 error(s), 0 left on base; Phoenix 0 - Grim 0
BOTTOM OF THE 1ST
Grim Reapers batting - Pitching for Phoenix Hotspur U-21 : LHP Ricardo Sánchez
Pitching: LHP Ricardo Sánchez
Batting: RHB Alberto Rodríguez 0-0: Ball
1-0: Fly out, F3 (Popup, 34)
Batting: RHB Bill Allen 0-0: Called Strike
0-1: Ball
1-1: Ball
2-1: Ball
3-1: Fly out, F8 (Flyball, 8LM)
Batting: RHB Vincent Klein 0-0: Ball
1-0: Swinging Strike
1-1: Ground out 5-3 (Groundball, 5L)
Bottom of the 1st over - 0 run(s), 0 hit(s), 0 error(s), 0 left on base; Phoenix 0 - Grim 0
TOP OF THE 2ND
Phoenix Hotspur U-21 batting - Pitching for Grim Reapers : RHP José Morales
Batting: RHB Marc Meertens 0-0: Ball
1-0: Ball
2-0: Called Strike
2-1: Ball
3-1: Called Strike
3-2: Base on Balls
Batting: RHB Alex Niemann 0-0: Called Strike
Marc Meertens is caught stealing 2nd base
0-1: Ground out 4-3 (Groundball, 4)
Batting: LHB Rafael Sánchez 0-0: Called Strike
0-1: Foul Ball, location: 2F
0-2: Ball
1-2: Ball
2-2: Strikes out swinging
Top of the 2nd over - 0 run(s), 0 hit(s), 0 error(s), 0 left on base; Phoenix 0 - Grim 0
BOTTOM OF THE 2ND
Grim Reapers batting - Pitching for Phoenix Hotspur U-21 : LHP Ricardo Sánchez
Batting: RHB Víctor Hernández 0-0: Foul Ball, location: 2F
0-1: Ball
1-1: Foul Ball, location: 2F
1-2: Ball
2-2: Ball
3-2: Strikes out looking
Batting: LHB Davis Anderson 0-0: Called Strike
0-1: Called Strike
0-2: Strikes out swinging
Batting: RHB Jorge López 0-0: Called Strike
0-1: Ball
1-1: Fly out, F9 (Flyball, 89S)
Bottom of the 2nd over - 0 run(s), 0 hit(s), 0 error(s), 0 left on base; Phoenix 0 - Grim 0
TOP OF THE 3RD
Phoenix Hotspur U-21 batting - Pitching for Grim Reapers : RHP José Morales
Batting: RHB Pepe Reyes 0-0: Foul Ball, location: 2F
0-1: Ball
1-1: Ball
2-1: Fly out, F9 (Flyball, 9LS)
Batting: RHB Edolf Middehof 0-0: Ground out 4-3 (Groundball, 4)
Batting: RHB Carl Tucker 0-0: Ball
1-0: Called Strike
1-1: Ball
2-1: Ball
3-1: Called Strike
3-2: Foul Ball, location: 2F
3-2: Strikes out looking
Top of the 3rd over - 0 run(s), 0 hit(s), 0 error(s), 0 left on base; Phoenix 0 - Grim 0
BOTTOM OF THE 3RD
Grim Reapers batting - Pitching for Phoenix Hotspur U-21 : LHP Ricardo Sánchez
Batting: RHB António Díaz 0-0: Ground out 5-3 (Groundball, 5)
Batting: LHB Alberto Arredondo 0-0: Ball
1-0: Foul Ball, location: 2F
1-1: Swinging Strike
1-2: Ball
2-2: SINGLE (Line Drive, 7S)
Batting: LHB Edgardo Díaz 0-0: Grounds into double play, 1-4-3 (Groundball, 15)
Bottom of the 3rd over - 0 run(s), 1 hit(s), 0 error(s), 0 left on base; Phoenix 0 - Grim 0
TOP OF THE 4TH
Phoenix Hotspur U-21 batting - Pitching for Grim Reapers : RHP José Morales
Batting: RHB Wilson Castillo 0-0: Called Strike
0-1: Ball
1-1: Ball
2-1: Ground out 5-3 (Groundball, 15S)
Batting: RHB Shohei Kiyomizu 0-0: Ground out 4-3 (Groundball, 4)
Batting: LHB Shojiro Ueda 0-0: Called Strike
0-1: Ball
1-1: Ball
2-1: Foul Ball, location: 2F
2-2: Strikes out looking
Top of the 4th over - 0 run(s), 0 hit(s), 0 error(s), 0 left on base; Phoenix 0 - Grim 0
BOTTOM OF THE 4TH
Grim Reapers batting - Pitching for Phoenix Hotspur U-21 : LHP Ricardo Sánchez
Batting: RHB Alberto Rodríguez 0-0: Swinging Strike
0-1: Called Strike
0-2: Ball
1-2: Strikes out swinging
Batting: RHB Bill Allen 0-0: Swinging Strike
0-1: Foul Ball, location: 2F
0-2: Ball
1-2: Ball
2-2: Ground out 4-3 (Groundball, 34)
Batting: RHB Vincent Klein 0-0: Called Strike
0-1: Foul Ball, location: 2F
0-2: Ball
1-2: Ball
2-2: Foul Ball, location: 2F
2-2: Foul Ball, location: 2F
2-2: SINGLE (Groundball, 5L)
Batting: RHB Víctor Hernández 0-0: Foul Ball, location: 2F
0-1: Swinging Strike
0-2: Foul Ball, location: 2F
0-2: Strikes out looking
Bottom of the 4th over - 0 run(s), 1 hit(s), 0 error(s), 1 left on base; Phoenix 0 - Grim 0
TOP OF THE 5TH
Phoenix Hotspur U-21 batting - Pitching for Grim Reapers : RHP José Morales
Batting: RHB Marc Meertens 0-0: Ground out 4-3 (Groundball, 4M)
Batting: RHB Alex Niemann 0-0: SINGLE (Line Drive, 7S)
Batting: LHB Rafael Sánchez 0-0: Ball
1-0: Ball
2-0: Ball
3-0: Called Strike
3-1: Fly out, F9 (Flyball, 9M)
Batting: RHB Pepe Reyes 0-0: Called Strike
0-1: Ball
1-1: Ball
2-1: Ball
3-1: Base on Balls
Alex Niemann to second
Batting: RHB Edolf Middehof 0-0: Foul Ball, location: 2F
0-1: Ground out 5-3 (Groundball, 56)
Top of the 5th over - 0 run(s), 1 hit(s), 0 error(s), 2 left on base; Phoenix 0 - Grim 0
BOTTOM OF THE 5TH
Grim Reapers batting - Pitching for Phoenix Hotspur U-21 : LHP Ricardo Sánchez
Batting: LHB Davis Anderson 0-0: Ball
1-0: Ball
2-0: Ball
3-0: Called Strike
3-1: Ground out 6-3 (Groundball, 6M)
Batting: RHB Jorge López 0-0: Called Strike
0-1: Ground out 5-3 (Groundball, 56)
Batting: RHB António Díaz 0-0: Ball
1-0: Called Strike
1-1: Swinging Strike
1-2: Ball
2-2: Foul Ball, location: 2F
2-2: Ball
3-2: Ground out U3 (Groundball, 3S)
Bottom of the 5th over - 0 run(s), 0 hit(s), 0 error(s), 0 left on base; Phoenix 0 - Grim 0
TOP OF THE 6TH
Phoenix Hotspur U-21 batting - Pitching for Grim Reapers : RHP José Morales
Batting: RHB Carl Tucker 0-0: Called Strike
0-1: Ball
1-1: Ball
2-1: Foul Ball, location: 2F
2-2: Ground out 6-3 (Groundball, 6)
Batting: RHB Wilson Castillo 0-0: Ball
1-0: Foul Ball, location: 2F
1-1: Called Strike
1-2: SINGLE (Groundball, 56D)
Pitching: RHP Jorge Rivera
Batting: RHB Shohei Kiyomizu 0-0: Swinging Strike
0-1: Ball
1-1: Foul Ball, location: 2F
1-2: Strikes out swinging
Batting: LHB Shojiro Ueda 0-0: Ball
1-0: Ball
Wilson Castillo steals 2nd base
2-0: Foul Ball, location: 2F
2-1: Foul Ball, location: 2F
2-2: Strikes out swinging
Top of the 6th over - 0 run(s), 1 hit(s), 0 error(s), 1 left on base; Phoenix 0 - Grim 0
BOTTOM OF THE 6TH
Grim Reapers batting - Pitching for Phoenix Hotspur U-21 : LHP Ricardo Sánchez
Batting: LHB Alberto Arredondo 0-0: Ball
1-0: Fly out, F7 (Flyball, 78M)
Batting: LHB Edgardo Díaz 0-0: Ball
1-0: Ball
2-0: Called Strike
2-1: Foul Ball, location: 2F
2-2: Ball
3-2: Ground out 4-3 (Groundball, 4)
Batting: RHB Alberto Rodríguez 0-0: Called Strike
0-1: Called Strike
0-2: Foul Ball, location: 2F
0-2: Ball
1-2: Ground out 5-3 (Groundball, 56S)
Bottom of the 6th over - 0 run(s), 0 hit(s), 0 error(s), 0 left on base; Phoenix 0 - Grim 0
TOP OF THE 7TH
Phoenix Hotspur U-21 batting - Pitching for Grim Reapers : RHP Jorge Rivera
Batting: RHB Marc Meertens 0-0: Called Strike
0-1: Ball
1-1: Fly out, F7 (Flyball, 78M)
Batting: RHB Alex Niemann 0-0: Ball
1-0: Fly out, F9 (Flyball, 9M)
Batting: LHB Rafael Sánchez 0-0: Foul Ball, location: 2F
0-1: Foul Ball, location: 2F
0-2: SINGLE (Groundball, 3D)
Batting: RHB Pepe Reyes 0-0: Called Strike
0-1: Ball
1-1: Ball
2-1: Swinging Strike
2-2: Strikes out swinging
Top of the 7th over - 0 run(s), 1 hit(s), 0 error(s), 1 left on base; Phoenix 0 - Grim 0
BOTTOM OF THE 7TH
Grim Reapers batting - Pitching for Phoenix Hotspur U-21 : LHP Ricardo Sánchez
Batting: RHB Bill Allen 0-0: Called Strike
0-1: Called Strike
0-2: Ball
1-2: Ground out 1-3 (Groundball, 15)
Batting: RHB Vincent Klein 0-0: Swinging Strike
0-1: Ball
1-1: Ball
2-1: Called Strike
2-2: Foul Ball, location: 2F
2-2: Ball
3-2: Strikes out swinging
Batting: RHB Víctor Hernández 0-0: Ball
1-0: DOUBLE (Line Drive, 3)
Pitching: LHP Iván Vélez
Batting: LHB Davis Anderson 0-0: Ball
1-0: Ball
2-0: Ball
3-0: Called Strike
3-1: Foul Ball, location: 2F
3-2: Base on Balls
Batting: RHB Jorge López 0-0: Ball
1-0: Ball
2-0: Ball
3-0: Base on Balls
Víctor Hernández to third
Davis Anderson to second
Batting: RHB António Díaz 0-0: Called Strike
0-1: Ball
1-1: Foul Ball, location: 2F
1-2: Ball
2-2: Ground out 6-3 (Groundball, 6)
Bottom of the 7th over - 0 run(s), 1 hit(s), 0 error(s), 3 left on base; Phoenix 0 - Grim 0
TOP OF THE 8TH
Phoenix Hotspur U-21 batting - Pitching for Grim Reapers : RHP Jorge Rivera
Batting: RHB Edolf Middehof 0-0: Called Strike
0-1: Fly out, F3 (Popup, 3L)
Pinch Hitting: LHB Ricardo Peña 0-0: Foul Ball, location: 2F
0-1: Called Strike
0-2: Ball
1-2: Ball
2-2: Foul Ball, location: 2F
2-2: Ground out 4-3 (Groundball, 4MS)
Pinch Hitting: LHB Tim Waters 0-0: Called Strike
0-1: Foul Ball, location: 2F
0-2: Ball
1-2: Ball
2-2: Strikes out looking
Top of the 8th over - 0 run(s), 0 hit(s), 0 error(s), 0 left on base; Phoenix 0 - Grim 0
BOTTOM OF THE 8TH
Grim Reapers batting - Pitching for Phoenix Hotspur U-21 : LHP Iván Vélez
Now at SS: José González
Now in LF: Ricardo Peña
Pinch Hitting: RHB Javier Medine 0-0: Called Strike
0-1: Swinging Strike
0-2: Ball
1-2: Strikes out swinging
Batting: LHB Edgardo Díaz 0-0: Ball
1-0: Ball
2-0: Ball
3-0: Called Strike
3-1: Fly out, F8 (Flyball, 89M)
Batting: RHB Alberto Rodríguez 0-0: Called Strike
0-1: Ground out 6-3 (Groundball, 6)
Bottom of the 8th over - 0 run(s), 0 hit(s), 0 error(s), 0 left on base; Phoenix 0 - Grim 0
TOP OF THE 9TH
Phoenix Hotspur U-21 batting - Pitching for Grim Reapers : RHP Jorge Rivera
Pitching: RHP Mike Desmond
Now at 2B: Javier Medine
Pinch Hitting: SHB Michel Perrin 0-0: Ball
1-0: Ball
2-0: Ground out 6-3 (Groundball, 6)
Batting: LHB Shojiro Ueda 0-0: Foul Ball, location: 2F
0-1: Ball
1-1: DOUBLE (Line Drive, 7LM)
Batting: RHB Marc Meertens 0-0: Swinging Strike
0-1: Ball
1-1: Called Strike
1-2: Ball
2-2: Strikes out looking
Batting: RHB Alex Niemann 0-0: Ball
1-0: Foul Ball, location: 2F
1-1: Foul Ball, location: 2F
1-2: Ball
2-2: Foul Ball, location: 2F
2-2: Foul Ball, location: 2F
2-2: Strikes out swinging
Top of the 9th over - 0 run(s), 1 hit(s), 0 error(s), 1 left on base; Phoenix 0 - Grim 0
BOTTOM OF THE 9TH
Grim Reapers batting - Pitching for Phoenix Hotspur U-21 : LHP Iván Vélez
Pitching: RHP Dylan Silva
Now in RF: Michel Perrin
Batting: RHB Bill Allen 0-0: Ball
1-0: Foul Ball, location: 2F
1-1: SINGLE (Line Drive, 6D)
Batting: RHB Vincent Klein 0-0: Ball
1-0: Ball
2-0: Foul Ball, location: 2F
2-1: Foul Ball, location: 2F
2-2: Strikes out swinging
Batting: RHB Víctor Hernández 0-0: Called Strike
Bill Allen steals 2nd base
0-1: Ball
1-1: Ball
2-1: Ball
3-1: Called Strike
3-2: Reached on error, E4 (Groundball, 4)
Bill Allen to third
Batting: LHB Davis Anderson 0-0: Ball
1-0: Called Strike
1-1: Ball
2-1: Ball
3-1: Swinging Strike
3-2: Base on Balls
Víctor Hernández to second
Batting: RHB Jorge López 0-0: Ball
1-0: Foul Ball, location: 2F
1-1: Fly out, F8 (Line Drive, 8LS)
Batting: RHB António Díaz 0-0: Ball
1-0: Ball
2-0: Fly out, F8 (Flyball, 8LM)
Bottom of the 9th over - 0 run(s), 1 hit(s), 1 error(s), 3 left on base; Phoenix 0 - Grim 0
TOP OF THE 10TH
Phoenix Hotspur U-21 batting - Pitching for Grim Reapers : RHP Mike Desmond
Batting: LHB Rafael Sánchez 0-0: Foul Ball, location: 2F
0-1: Swinging Strike
0-2: Ball
1-2: Foul Ball, location: 2F
1-2: Ball
2-2: Foul Ball, location: 2F
2-2: SOLO HOME RUN (Flyball, 9D), Distance : 381 ft
Batting: RHB Pepe Reyes 0-0: Called Strike
0-1: Ball
1-1: Swinging Strike
1-2: Strikes out swinging
Batting: RHB Edolf Middehof 0-0: Ball
1-0: Swinging Strike
1-1: Swinging Strike
1-2: Strikes out swinging
Batting: LHB Ricardo Peña 0-0: Fly out, F7 (Flyball, 7M)
Top of the 10th over - 1 run(s), 1 hit(s), 0 error(s), 0 left on base; Phoenix 1 - Grim 0
BOTTOM OF THE 10TH
Grim Reapers batting - Pitching for Phoenix Hotspur U-21 : RHP Dylan Silva
Now at C: José Reyes
Batting: RHB Javier Medine 0-0: Swinging Strike
0-1: Called Strike
0-2: Ball
1-2: Ball
2-2: Ball
3-2: Foul Ball, location: 2F
3-2: Foul Ball, location: 2F
3-2: Ground out 6-3 (Groundball, 6)
Batting: LHB Edgardo Díaz 0-0: Called Strike
0-1: Called Strike
0-2: Foul Ball, location: 2F
0-2: Ball
1-2: Ground out U3 (Groundball, 3L)
Batting: RHB Alberto Rodríguez 0-0: Ball
1-0: Called Strike
1-1: Ball
2-1: Foul Ball, location: 2F
2-2: Ball
3-2: Ground out 5-3 (Groundball, 56S)
Bottom of the 10th over - 0 run(s), 0 hit(s), 0 error(s), 0 left on base; Phoenix 1 - Grim 0
This league is powered by Out of the Park Baseball, the baseball management simulation game for PC, Mac and Linux
Friday, April 15th, 2016 - OOTP Baseball 16.9 Build 39